 Dungeon Crawl Stone Soup version 0.27-a0-1154-gfdeffcb720 (webtiles) character file.

Game seed: 14724451094223737507

4 Ijustatesigmund the Skirmisher (level 1, 0/20 HPs)
             Began as a Hill Orc Fighter on May 14, 2021.
             Slain by a quokka (4 damage)
             ... on level 1 of the Dungeon.
             The game lasted 00:00:14 (33 turns).

Ijustatesigmund the Skirmisher (Hill Orc Fighter)     Turns: 33, Time: 00:00:14

Health: 0/20       AC:  6    Str: 18    XL:     1   Next: 60%
Magic:  1/1        EV:  7    Int:  8    God:
Gold:   0          SH:  9    Dex: 10    Spells: 0/0 levels left

rFire    . . .     SeeInvis .   a - +0 war axe
rCold    . . .     Faith    .   c - +0 kite shield
rNeg     . . .     Spirit   .   b - +0 scale mail
rPois    .         Reflect  .   (no helmet)
rElec    .         Harm     .   (no cloak)
rCorr    .         Rampage  .   (no gloves)
Will     .....                  (no boots)
Stlth    ..........             (no amulet)
HPRegen  0.06/turn              (no ring)
MPRegen  0.07/turn              (no ring)

@: no status effects
A: no striking features
a: no special abilities


You were on level 1 of the Dungeon.
You visited 1 branch of the dungeon, and saw 1 of its levels.

Inventory:

Hand Weapons
 a - a +0 war axe (weapon)
Armour
 b - a +0 scale mail (worn)
 c - a +0 kite shield (worn)
Potions
 d - a potion of might


   Skills:
 + Level 3.7 Fighting
 * Level 3.0 Axes
 - Level 3.2 Armour
 + Level 0.2 Dodging
 - Level 3.2 Shields


You couldn't memorise any spells.
You didn't know any spells.
Your spell library was empty.

Dungeon Overview and Level Annotations

Branches:
Dungeon (1/15)

Altars:


Message History

The jackal bites you but does no damage.
The jackal barely misses you. x2
The jackal bites you but does no damage.
You block the jackal's attack.
The jackal bites you but does no damage. x2
You slash the jackal!
You kill the jackal!
You slash the jackal!
You kill the jackal!
Your shield prevents you from hitting the jackal.
The jackal bites you but does no damage.
You block the jackal's attack. The jackal closely misses you.
You slash the jackal!
You kill the jackal!
You completely miss the jackal. The jackal closely misses you.
You block the quokka's attack. The jackal bites you.
Your Axes skill increases to level 3!
You are too injured to fight recklessly!
You are too injured to fight recklessly!
You are too injured to fight recklessly!
You are too injured to fight recklessly!
You are too injured to fight recklessly!
You are too injured to fight recklessly!
You are too injured to fight recklessly!
You are too injured to fight recklessly!
You are too injured to fight recklessly!
You are too injured to fight recklessly!
You are too injured to fight recklessly!
You are too injured to fight recklessly!
You are too injured to fight recklessly!
You barely miss the jackal. You barely miss the quokka.
You block the jackal's attack. The quokka bites you.
You block the jackal's attack. You block the quokka's attack.
You closely miss the jackal. You barely miss the quokka.
The jackal barely misses you. You block the quokka's attack.
You block the jackal's attack. The quokka bites you.
* * * LOW HITPOINT WARNING * * *
You block the jackal's attack.
You hit the quokka but do no damage. The quokka bites you.
You die...

# .#
#########.#####
.......†.......
#h.†..# #r###.#
#@# #.# ###.###
##.....##
#.#8≈8#.#
#.#≈≈≈#.#
#.#8≈8#.#
#.#≈≈≈#.#
#.#8≈8#.#


You could see a quokka and a jackal.

Vanquished Creatures
  3 jackals (D:1)
3 creatures vanquished.

Notes
Turn   | Place    | Note
-------+----------+-------------------------------------------
     0 | D:1      | Ijustatesigmund the Hill Orc Fighter began the quest for
                  | the Orb.
     0 | D:1      | Reached XP level 1. HP: 19/19 MP: 1/1
    33 | D:1      | Slain by a quokka

Illustrated notes

Levels and vault maps discovered:
D:1:      lightli_arrival_statue_moat, layout_basic,
          shapermc_ecumenical_altar_starsandcircs, kennysheep_boxes

Skill      XL: |  1 |
---------------+----+-----
Axes           | 3 |  3.0
Fighting       | |  3.7
Armour         | |  3.2
Dodging        | |  0.2
Shields        | |  3.2

Action                   || total
-------------------------++-------
Melee: War axe           ||    11
Armor: Scale mail        ||    10
Dodge: Dodged            ||    11
Block: Kite shield       ||    20

Table legend: (Time is in decaauts)
 A = Elapsed time spent in this place.
 B = Non-inter-level travel time spent in this place.
 C = Inter-level travel time spent in this place.
 D = Time resting spent in this place.
 E = Time spent auto-exploring this place.
 F = Levels seen in this place.
 G = Mean time per level.
                   A        B        C        D        E       F      G
               +--------+--------+--------+--------+--------+-----+--------+
         Total |     39 |     39 |      0 |      0 |     19 |   1 |   39.0 |
       Dungeon |     39 |     39 |      0 |      0 |     19 |   1 |   39.0 |
               +--------+--------+--------+--------+--------+-----+--------+

Top non-repeatable levels by time:
     D:1: 39 daAuts
